 Dungeon Crawl Stone Soup version 0.19-a0-1490-g5dd3618 (webtiles) character file.

273 JustSomeDude the Skirmisher (level 6, -3/49 HPs)
             Began as a Demonspawn Fighter on Sept 8, 2016.
             Killed by divine providence
             ... invoked by an orc priest
              (8 damage)
             ... on level 4 of the Dungeon.
             The game lasted 00:07:10 (3417 turns).

JustSomeDude the Skirmisher (Demonspawn Fighter)    Turns: 3417, Time: 00:07:12

Health: -3/49      AC:  8    Str: 18    XL:     6   Next: 2%
Magic:  6/6        EV:  8    Int:  9    God:
Gold:   145        SH:  9    Dex: 13    Spells: 0 memorised, 5 levels left

rFire  . . .     SeeInvis .     a - +0 trident
rCold  . . .     Gourm    .     b - +0 scale mail
rNeg   . . .     Faith    .     c - +0 shield
rPois  .         Spirit   .     (no helmet)
rElec  .         Dismiss  .     (no cloak)
rCorr  .         Reflect  .     (no gloves)
MR     .....     Harm     .     (no boots)
Stlth  ..........               (no amulet)
                                (no ring)
                                (no ring)

@: no status effects
A: claws 1, rugged brown scales 1
a: no special abilities


You were on level 4 of the Dungeon.
You were not hungry.

You visited 1 branch of the dungeon, and saw 4 of its levels.
You also visited: Sewer.

You collected 145 gold pieces.

Inventory:

Hand Weapons
 a - a +0 trident (weapon)
Armour
 b - a +0 scale mail (worn)
 c - a +0 shield (worn)
 A - a +0 cloak
Jewellery
 p - a +2 ring of protection {unknown}
 r - an uncursed ring of stealth {unknown}
 y - an uncursed ring of flight {unknown}
 z - an uncursed ring of ice {unknown}
Wands
 u - a wand of lightning (11/15)
Scrolls
 g - a scroll of fog {unknown}
 i - 2 scrolls of immolation {unknown}
 j - a scroll of random uselessness {unknown}
 l - 3 scrolls of identify {unknown}
 q - a scroll of enchant weapon {unknown}
 s - 4 scrolls of teleportation {unknown}
 w - a scroll of fear {unknown}
 x - a scroll of remove curse {unknown}
Potions
 d - a potion of invisibility {unknown}
 e - 5 potions of heal wounds {unknown}
 n - a potion of ambrosia {unknown}
 o - a potion of flight {unknown}
 t - a potion of magic
 v - 2 potions of might
Books
 m - a book of Misfortune

   Spells                             Type                      Level
   a - Confusing Touch                Hexes                        1
   b - Confuse                        Hexes                        3
   c - Gell's Gravitas                Hexes/Translocation          3
   d - Petrify                        Transmutation/Earth          4
   e - Metabolic Englaciation         Hexes/Ice                    5
   f - Yara's Violent Unravelling     Hexes/Transmutation          5
Comestibles
 f - 3 bread rations
 h - a beef jerky
 k - 3 fruits
 B - a chunk of flesh


   Skills:
 + Level 3.9 Fighting
 + Level 2.5 Polearms
 + Level 3.9 Armour
 + Level 2.0 Dodging
 + Level 3.9 Shields


You had 5 spell levels left.
You didn't know any spells.

Dungeon Overview and Level Annotations

Branches:
Dungeon (4/15)
 Temple: D:4-7

Altars:


Innate Abilities, Weirdness & Mutations

You have sharp fingernails.
You are partially covered in rugged brown scales. (AC +1, +3% HP)


Message History

The magic dart hits you!
The orc wizard hits you but does no damage.
You hit the orc wizard but do no damage.
The orc wizard is moderately wounded.
The orc wizard gestures at you while chanting.
The puff of frost hits you!
* * * LOW HITPOINT WARNING * * *
Something hits you but does no damage.
Unknown command.
It was a potion of magic.
Magic courses through your body. The orc wizard barely misses you.
You hear some strange, mumbled words.
A puff of flame appears from out of thin air!
The puff of flame hits you!
* * * LOW HITPOINT WARNING * * *
The orc wizard gestures at you while chanting.
You block the puff of frost.
The orc priest mumbles some strange prayers to Beogh against you.
Beogh smites you!
You die...

#######.##########
..................
[..........##.######
....................
######.#..#<...<##
#.#..#.#####
########.####..
........{#######
#####...[@o{#
#.#####o# #. # #


You could see an orc priest and an orc wizard.

Vanquished Creatures
  A hound (D:4)
  Natasha (twice) (D:2)
  4 adders
  3 gnolls (D:2)
  2 river rats (Sewer)
  4 oozes
  2 worms
  4 dart slugs
  2 giant geckos
  3 orcs
  3 ball pythons
  3 giant cockroaches (D:3)
  6 goblins (D:1)
  11 hobgoblins
  5 jackals
  A quokka (D:2)
  7 bats
  12 giant newts
  2 kobolds (D:3)
  8 rats
85 creatures vanquished.

Notes
Turn   | Place    | Note
-------+----------+-------------------------------------------
     0 | D:1      | JustSomeDude the Demonspawn Fighter began the quest for the Orb.
     0 | D:1      | Reached XP level 1. HP: 18/18 MP: 1/1
   171 | D:1      | Gained mutation: You have sharp fingernails. [demonic ancestry]
   171 | D:1      | Reached XP level 2. HP: 24/24 MP: 2/2
   804 | D:2      | Reached XP level 3. HP: 29/29 MP: 3/3
  1472 | D:2      | Reached XP level 4. HP: 33/35 MP: 4/4
  1611 | D:2      | Noticed Natasha
  1621 | D:2      | Killed Natasha
  1926 | D:2      | Noticed Natasha
  1955 | D:2      | Killed Natasha
  1955 | D:2      | Reached skill level 1 in Dodging
  1955 | D:2      | Gained mutation: You are partially covered in rugged brown scales. (AC +1, +3% HP) [demonic ancestry]
  1955 | D:2      | Reached XP level 5. HP: 5/43 MP: 5/5
  2351 | D:3      | Found a glowing drain.
  2359 | Sewer    | Entered a sewer
  2990 | D:3      | Found a faded altar of an unknown god.
  3398 | D:4      | Reached XP level 6. HP: 43/49 MP: 6/6
  3417 | D:4      | Killed from afar by an orc priest

Vault maps used:
D:1:      dpeg_arrival_tiny_j
D:2:      first_bread, uniq_natasha
D:3:      lightli_sewer_entry_pipes, ecumenical_altar_1, minmay_ruptured
D:4:      grunt_temple_overflow_open, minmay_stone_trees_small,
          lemuel_statue_altar, uniq_duvessa, uniq_blork_the_orc
Sewer:    sewer_co_cracked_pipes

Skill      XL: |  1  2  3  4  5 |
---------------+----------------+-----
Polearms       | 2 |  2.5
Shields        | 3 |  3.9
Armour         | 3 |  3.9
Dodging        | 1 2 |  2.0
Fighting       | |  3.9

Action                   |  1- 3 |  4- 6 || total
-------------------------+-------+-------++-------
Melee: Trident           |   129 |   261 ||   390
  Use: Potion            |       |     2 ||     2
  Eat: Chunk             |     2 |     7 ||     9
Armor: Scale mail        |    29 |    96 ||   125
Dodge: Dodged            |    29 |    95 ||   124
Block: Shield            |    47 |   114 ||   161
